 Dungeon Crawl Stone Soup version 0.20.1-1-g8b1a95d (webtiles) character file.

958 mario4981338 the Skirmisher (level 8, 0/70 HPs)
             Began as a Hill Orc Abyssal Knight on Sept 21, 2017.
             Was a Priest of Lugonu.
             Slain by KoningWillie's ghost (4 damage)
             ... on level 5 of the Dungeon on Sept 22, 2017.
             The game lasted 00:40:50 (5950 turns).

mario4981338 the Skirmisher (HOAK)                  Turns: 5950, Time: 00:40:50

Health: 0/70       AC:  3    Str: 16    XL:     8   Next: 14%
Magic:  12/12      EV: 17    Int: 12    God:    Lugonu [***...]
Gold:   228        SH:  0    Dex: 11    Spells: 7/7 levels left

rFire    . . .     SeeInvis +   d - +2 spear (pain)
rCold    . . .     Gourm    .   (no shield)
rNeg     . . .     Faith    .   b - +0 leather armour
rPois    +         Spirit   .   (no helmet)
rElec    .         Reflect  .   (no cloak)
rCorr    .         Harm     .   (no gloves)
MR       .....                  (no boots)
Stlth    +.........             (no amulet)
Regen    0.3/turn               j - +4 ring of evasion
MPRegen  0.2/turn               r - ring of wizardry

@: no status effects
A: see invisible, poison resistance
a: Depart the Abyss, Bend Space, Banish, Renounce Religion


You were on level 5 of the Dungeon.
You worshipped Lugonu.
Lugonu was most pleased with you.
You were hungry.

You visited 1 branch of the dungeon, and saw 5 of its levels.
You visited the Abyss 1 time.

You collected 228 gold pieces.

Inventory:

Hand Weapons
 a - a +1 falchion
 d - a +2 spear of pain (weapon)
 k - a +0 blowgun
Missiles
 t - 14 poisoned needles
Armour
 b - a +0 leather armour (worn)
Jewellery
 j - a +4 ring of evasion (left hand)
 r - a ring of wizardry (right hand)
Wands
 i - a wand of disintegration (4/24)
 v - a wand of acid (6/15)
Scrolls
 e - 5 scrolls of teleportation {unknown}
 l - a scroll of amnesia
 n - 2 scrolls of remove curse {unknown}
 p - 2 scrolls of recharging
 u - a scroll of random uselessness {unknown}
Potions
 q - a potion of might {unknown}
Books
 g - a book of Misfortune

   Spells                             Type                      Level
   a - Confusing Touch                Hexes                        1
   b - Confuse                        Hexes                        3
   c - Gell's Gravitas                Translocation                3
   d - Petrify                        Transmutation/Earth          4
   e - Metabolic Englaciation         Hexes/Ice                    5
   f - Yara's Violent Unravelling     Hexes/Transmutation          5
 m - a book of Misfortune

   Spells                             Type                      Level
   a - Confusing Touch                Hexes                        1
   b - Confuse                        Hexes                        3
   c - Gell's Gravitas                Translocation                3
   d - Petrify                        Transmutation/Earth          4
   e - Metabolic Englaciation         Hexes/Ice                    5
   f - Yara's Violent Unravelling     Hexes/Transmutation          5
Comestibles
 c - 5 bread rations
 h - a meat ration
 s - 2 royal jellies


   Skills:
 + Level 5.8 Fighting
 - Level 2.3 Long Blades
 + Level 4.1 Polearms
 + Level 5.0 Armour
 + Level 3.4 Dodging
 + Level 5.6 Invocations


You had 7 spell levels left.
You didn't know any spells.

Dungeon Overview and Level Annotations

Branches:
Dungeon (5/15)
 Temple: D:4-7

Altars:
Hepliaklqana
Kikubaaqudgha
Qazlal
The Shining One

Annotations:
D:5 KoningWillie's ghost, novice MiFi


Innate Abilities, Weirdness & Mutations

You have supernaturally acute eyesight. (SInv)
Your system is resistant to poisons. (rPois)


Message History

You throw a tomahawk of returning.
The tomahawk of returning hits KoningWillie's ghost.
KoningWillie's ghost is lightly damaged.
The tomahawk of returning fails to return to your pack!
You hit KoningWillie's ghost but do no damage.
KoningWillie's ghost is lightly damaged.
KoningWillie's ghost hits you!
You hit KoningWillie's ghost but do no damage.
KoningWillie's ghost is lightly damaged.
KoningWillie's ghost closely misses you.
You barely miss KoningWillie's ghost.
KoningWillie's ghost is lightly damaged.
KoningWillie's ghost hits you!
You hit KoningWillie's ghost.
KoningWillie's ghost is lightly damaged.
KoningWillie's ghost hits you!!
* * * LOW HITPOINT WARNING * * *
x2 KoningWillie's ghost hits you!
* * * LOW HITPOINT WARNING * * *
You die...

. ## .. . #[. #. .
... #.# ........ .
#.##.# ........
..#..#.#####
........##..((......#
.........# #.(.....#
.........# ##..W....#
.W.......# #....@...#
.........###(.......#
...........#........#
........##...##.....#
.............##.....#
......#########.....#
.####..............##
.# ################
.#


You could see KoningWillie's ghost.

Vanquished Creatures
  An ice beast (D:5)
  A phantom (D:4)
  2 ogres (D:4)
  A centaur (D:5)
  A howler monkey (D:4)
  A crimson imp (D:3)
  A centaur zombie (D:5)
  2 hounds
  An orc priest (D:3)
  A bullfrog skeleton (D:4)
  An orc wizard (D:3)
  3 worker ants (D:4)
  A hound skeleton (D:4)
  7 gnolls (D:4)
  2 adders
  An ooze (D:2)
  3 worms
  A dart slug (D:3)
  3 leopard geckos
  12 orcs (D:3)
  2 giant cockroaches
  4 goblins
  6 hobgoblins
  7 jackals
  5 kobolds
  2 quokkas
  3 ball pythons
  7 bats
  8 frilled lizards
  A leopard gecko zombie (D:5)
  A quokka skeleton (D:4)
  11 rats
103 creatures vanquished.

Notes
Turn   | Place    | Note
-------+----------+-------------------------------------------
     0 | Abyss:1  | mario4981338 the Hill Orc Abyssal Knight began the quest for the Orb.
     0 | Abyss:1  | Reached XP level 1. HP: 19/19 MP: 2/2
    12 | D:1      | Escaped the Abyss
    47 | D:1      | Reached skill level 1 in Dodging
   138 | D:1      | Reached XP level 2. HP: 22/27 MP: 3/3
   436 | D:1      | Reached ** piety under Lugonu
   824 | D:2      | Reached XP level 3. HP: 21/33 MP: 5/5
  1021 | D:2      | Reached skill level 1 in Polearms
  1043 | D:2      | Found a stormy altar of Qazlal.
  1045 | D:2      | Found an ancient bone altar of Kikubaaqudgha.
  1701 | D:3      | Reached XP level 4. HP: 13/40 MP: 4/6
  1702 | D:3      | Gained mutation: Your system is resistant to poisons. (rPois) [potion of mutation]
  1702 | D:3      | Gained mutation: You have supernaturally acute eyesight. (SInv) [potion of mutation]
  2203 | D:3      | Reached XP level 5. HP: 31/46 MP: 7/7
  2552 | D:3      | Reached *** piety under Lugonu
  2592 | D:3      | Found a glowing golden altar of the Shining One.
  2885 | D:3      | Reached XP level 6. HP: 48/53 MP: 9/9
  3602 | D:4      | Reached skill level 5 in Fighting
  3751 | D:4      | Found a hazy altar of Hepliaklqana.
  3805 | D:4      | Reached XP level 7. HP: 40/61 MP: 10/10
  4473 | D:4      | Reached skill level 5 in Invocations
  5040 | D:5      | Entered Level 5 of the Dungeon
  5209 | D:5      | Noticed KoningWillie's ghost (novice MiFi)
  5626 | D:5      | Reached XP level 8. HP: 61/70 MP: 12/12
  5644 | D:5      | Reached skill level 5 in Armour
  5950 | D:5      | Slain by KoningWillie's ghost

Skill      XL: |  1  2  3  4  5  6  7  8 |
---------------+-------------------------+-----
Dodging        | 1 2 3 |  3.4
Polearms       | 1 2 3 4 |  4.1
Fighting       | 4 5 |  5.8
Invocations    | 3 4 5 |  5.6
Armour         | 3 4 5 |  5.0
Long Blades    | |  2.3

Action                   |  1- 3 |  4- 6 |  7- 9 || total
-------------------------+-------+-------+-------++-------
Melee: Spear             |   163 |   268 |   190 ||   621
       Falchion          |     6 |       |       ||     6
 Fire: Blowgun           |     4 |       |       ||     4
Throw: Tomahawk          |       |     4 |    14 ||    18
Invok: Bend Space        |     1 |     1 |       ||     2
  Use: Scroll            |     8 |     2 |     2 ||    12
       Potion            |     2 |     9 |     2 ||    13
  Eat: Chunk             |     2 |     8 |     6 ||    16
Armor: Leather armour    |    24 |    32 |    16 ||    72
Dodge: Dodged            |    84 |   129 |   115 ||   328
       Rpst.: Falchion   |     2 |       |       ||     2
